 Dungeon Crawl Stone Soup version 0.21.1-1-g345015fe64 (webtiles) character file.

67 Anathary the Sneak (level 4, -5/29 HPs)
             Began as an Octopode Assassin on June 10, 2018.
             Slain by Terence
             ... wielding a +2 hand axe of electrocution
              (14 damage)
             ... on level 2 of the Dungeon.
             The game lasted 00:11:24 (1662 turns).

Anathary the Sneak (Octopode Assassin)              Turns: 1662, Time: 00:11:24

Health: -5/29      AC:  1    Str: 10    XL:     4   Next: 18%
Magic:  4/4        EV: 13    Int: 13    God:
Gold:   51         SH:  0    Dex: 14    Spells: 2/3 levels left

rFire    . . .     SeeInvis .   a - +2 dagger
rCold    . . .     Gourm    .   (no shield)
rNeg     . . .     Faith    .   (helmet restricted)
rPois    .         Spirit   .   (no amulet)
rElec    .         Reflect  .   (no ring)
rCorr    .         Harm     .   (no ring)
MR       .....                  (no ring)
Stlth    ++++......             (no ring)
HPRegen  0.09/turn              (no ring)
MPRegen  0.09/turn              (no ring)
                                (no ring)
                                (no ring)

@: lethally poisoned (-5 -> -12)
A: almost no armour, stealthy swim, amphibious, 8 rings, constrict 8, camouflage
1, gelatinous body 1
a: no special abilities


You were on level 2 of the Dungeon.
You were not hungry.

You visited 1 branch of the dungeon, and saw 3 of its levels.

You collected 51 gold pieces.

Inventory:

Hand Weapons
 a - a +2 dagger (weapon)
 b - a +0 blowgun
 k - a +0 spear
Missiles
 c - 8 poisoned needles
 d - 2 curare-tipped needles
Scrolls
 e - 2 scrolls of identify {unknown}
 g - a scroll of teleportation {unknown}
 i - a scroll of fear {unknown}
 j - 3 scrolls of remove curse {unknown}
 l - a scroll of magic mapping {unknown}
 n - a scroll of enchant weapon {unknown}
Potions
 h - a potion of might {unknown}
 o - a potion of flight {unknown}
Books
 m - a book of Maledictions

   Spells                             Type                      Level
   a - Corona                         Hexes                        1
   b - Ensorcelled Hibernation        Hexes/Ice                    2
   c - Confuse                        Hexes                        3
   d - Tukima's Dance                 Hexes                        3
   e - Dazzling Spray                 Conjuration/Hexes            3
Comestibles
 f - 2 rations


   Skills:
 + Level 2.3 Fighting
 + Level 2.0 Short Blades
 - Level 1.6 Polearms
 - Level 2.0 Throwing
 + Level 1.2 Dodging
 * Level 6.6 Stealth
 + Level 0.6 Hexes


You had 2 spell levels left.
You knew the following spells:

 Your Spells              Type           Power        Failure   Level  Hunger
a - Corona                Hex            #......      24%         1    ##.....


Dungeon Overview and Level Annotations

Branches:
Dungeon (3/15)

Altars:

Annotations:
D:2 Terence


Innate Abilities, Weirdness & Mutations

You cannot wear most types of armour.
You are very stealthy in the water. (Stealth+)
You are amphibious.
You can wear up to eight rings at the same time.
You can use your tentacles to constrict eight enemies at once.
Your skin changes colour to match your surroundings (Stealth+).
Your rubbery body absorbs attacks. (AC +1, EV +1)


Message History

You constrict Terence, but do no damage.
The adder closely misses you. The adder barely misses you.
You hit Terence but do no damage.
Terence is moderately wounded.
You constrict Terence, but do no damage.
Terence closely misses you. The adder closely misses you.
You hit Terence but do no damage. You squeeze Terence, but do no damage.
Terence is moderately wounded.
You constrict Terence. Terence closely misses you. The adder bites you.
You are poisoned.
The adder poisons you!
You hit Terence.
Terence is moderately wounded.
You constrict Terence, but do no damage.
You feel sick. The adder bites you.
You are more poisoned.
The adder poisons you!
Terence hits you with a hand axe of electrocution.
You are electrocuted!
You die...

##############
#######.....##....$#
##)..........##.....####
#
.'...........''.........
##...........##.S...##
.#......#######.@@..# ##
.#......# #.....# #.
.######## #.....#
#######+#< ## #.....#
#......... #.....#
#......... #######
#......... #.........
######.........
#............†.


You could see Terence and an adder.

Vanquished Creatures
  2 adders (D:2)
  A dart slug (D:2)
  3 leopard geckos
  A ball python (D:2)
  5 goblins
  5 hobgoblins
  7 kobolds
  3 quokkas
  6 bats
  6 frilled lizards
  4 rats
43 creatures vanquished.

Notes
Turn   | Place    | Note
-------+----------+-------------------------------------------
     0 | D:1      | Anathary the Octopode Assassin began the quest for the Orb.
     0 | D:1      | Reached XP level 1. HP: 14/14 MP: 1/1
   180 | D:1      | Reached XP level 2. HP: 19/19 MP: 2/2
   210 | D:1      | Reached skill level 6 in Stealth
   680 | D:2      | Reached skill level 1 in Polearms
   680 | D:2      | Reached XP level 3. HP: 15/24 MP: 3/3
   942 | D:2      | Learned a level 1 spell: Corona
   973 | D:2      | You fall through a shaft!
  1144 | D:2      | Reached XP level 4. HP: 14/29 MP: 4/4
  1649 | D:2      | Noticed Terence
  1662 | D:2      | Slain by Terence

Skill      XL: |  1  2 |
---------------+-------+-----
Stealth        | 6 |  6.6
Polearms       | 1 |  1.6
Fighting       | |  2.3
Short Blades   | |  2.0
Throwing       | |  2.0
Dodging        | |  1.2
Hexes          | |  0.6

Action                   |  1- 3 |  4- 6 || total
-------------------------+-------+-------++-------
Melee: Spear             |    73 |    26 ||    99
       Constrict         |    22 |     9 ||    31
       Tentacles         |    16 |     4 ||    20
       Dagger            |     3 |     8 ||    11
 Cast: Corona            |       |     2 ||     2
 Stab: Sleeping          |    12 |       ||    12
  Eat: Ration            |       |     1 ||     1
Armor: Skin              |     4 |     5 ||     9
Dodge: Dodged            |    61 |    31 ||    92
